 Dungeon Crawl Stone Soup version 0.21.1-1-g345015fe64 (webtiles) character file.

55 Ivernyr the Shooter (level 3, -1/29 HPs)
             Began as a Centaur Arcane Marksman on Mar 27, 2018.
             Slain by a bullfrog zombie (4 damage)
             ... on level 2 of the Dungeon.
             The game lasted 00:04:16 (2077 turns).

Ivernyr the Shooter (Centaur Arcane Marksman)       Turns: 2077, Time: 00:04:16

Health: -1/29      AC:  4    Str: 12    XL:     3   Next: 67%
Magic:  4/4        EV:  9    Int: 12    God:
Gold:   36         SH:  0    Dex: 10    Spells: 3/4 levels left

rFire    . . .     SeeInvis .   a - +0 shortbow
rCold    . . .     Gourm    .   (shield currently unavailable)
rNeg     . . .     Faith    .   e - +0 robe
rPois    .         Spirit   .   (no helmet)
rElec    .         Reflect  .   (no cloak)
rCorr    .         Harm     .   (no gloves)
MR       .....                  (no barding)
Stlth    +.........             (no amulet)
HPRegen  0.09/turn              (no ring)
MPRegen  0.09/turn              (no ring)

@: very quick
A: large, hooves 3, deformed body, speed 2, tough skin 3
a: no special abilities


You were on level 2 of the Dungeon.
You were not hungry.

You visited 1 branch of the dungeon, and saw 2 of its levels.

You collected 36 gold pieces.

Inventory:

Hand Weapons
 a - a +0 shortbow (weapon)
Missiles
 d - 27 arrows (quivered)
Armour
 e - a +0 robe (worn)
Scrolls
 h - a scroll of random uselessness {unknown}
 i - 2 scrolls of identify {unknown}
 k - a scroll of remove curse {unknown}
 l - a scroll of enchant armour {unknown}
Potions
 b - a potion of curing {unknown}
 g - a potion of mutation {unknown}
 j - a potion of agility {unknown}
Books
 c - a book of Debilitation

   Spells                             Type                      Level
   a - Corona                         Hexes                        1
   b - Slow                           Hexes                        2
   c - Inner Flame                    Hexes/Fire                   3
   d - Portal Projectile              Hexes/Translocation          3
   e - Cause Fear                     Hexes                        4
   f - Leda's Liquefaction            Hexes/Earth                  4
Comestibles
 f - a ration


   Skills:
 + Level 1.9 Fighting
 * Level 4.3 Bows
 - Level 1.3 Dodging
 - Level 1.0 Spellcasting
 + Level 3.1 Hexes


You had 3 spell levels left.
You knew the following spells:

 Your Spells              Type           Power        Failure   Level  Hunger
a - Corona                Hex            #......      9%          1    ##.....


Dungeon Overview and Level Annotations

Branches:
Dungeon (2/15)

Altars:
Qazlal


Innate Abilities, Weirdness & Mutations

You have hooves in place of feet.
Armour fits poorly on your strangely shaped body.
You cover ground very quickly.
You have extremely tough skin. (AC +3)


Message History

The arrow completely misses the bullfrog zombie.
The bullfrog zombie hits you.
* * * LOW HITPOINT WARNING * * *
The bullfrog zombie hits you.
* * * LOW HITPOINT WARNING * * *
Firing (i - inventory):
d - 29 arrows (quivered)
Press: ? - help, Shift-Dir - straight line, f/p - bullfrog zombie
Aim: a bullfrog zombie (severely damaged)
You shoot an arrow. The arrow hits the bullfrog zombie.
The bullfrog zombie is almost destroyed.
The bullfrog zombie hits you.
* * * LOW HITPOINT WARNING * * *
There is an open door here.
Firing (i - inventory):
d - 28 arrows (quivered)
Press: ? - help, Shift-Dir - straight line, f/p - bullfrog zombie
Aim: a bullfrog zombie (almost destroyed)
You shoot an arrow. The arrow hits the bullfrog zombie.
The bullfrog zombie is almost destroyed.
The bullfrog zombie hits you.
You die...

# #†##...#..#####..
#.##............#
#.##..<..........
#.##.#..#######.# ########
#................ #....(.#
####.#..#######.# #......# #.#..#
#.#
########......######.#..#######.#
((............(Z@...............#
########......######.#####.#.#..#
#......# #.......#.#..#
######################....#
#.................# ###..#
#.######..#######.# ##.#
#.#..)....^≈^.###.# #.#
#.#..###..≈≈^#.##.#######..
#...^^#^^...§≈^...†.....†..


You could see a bullfrog zombie.

Vanquished Creatures
  2 worms (D:2)
  5 dart slugs
  A leopard gecko (D:2)
  A ball python (D:2)
  5 hobgoblins
  5 kobolds
  2 quokkas (D:2)
  6 bats
  2 frilled lizards (D:2)
  5 goblins
  2 rats (D:2)
36 creatures vanquished.

Notes
Turn   | Place    | Note
-------+----------+-------------------------------------------
     0 | D:1      | Ivernyr the Centaur Arcane Marksman began the quest for the Orb.
     0 | D:1      | Reached XP level 1. HP: 16/16 MP: 2/2
     4 | D:1      | Noticed an electric eel
     4 | D:1      | Noticed an electric eel
    73 | D:1      | Reached skill level 3 in Bows
   393 | D:1      | Reached XP level 2. HP: 11/23 MP: 3/3
  1345 | D:2      | Found a stormy altar of Qazlal.
  1384 | D:2      | Reached XP level 3. HP: 23/28 MP: 4/4
  1430 | D:2      | Reached skill level 4 in Bows
  2077 | D:2      | Slain by a bullfrog zombie

Skill      XL: |  1  2  3 |
---------------+----------+-----
Bows           | 3 4 |  4.3
Hexes          | 3 |  3.1
Fighting       | |  1.9
Dodging        | |  1.3
Spellcasting   | |  1.0

Action                   || total
-------------------------++-------
Melee: Unarmed           ||   191
       Kick              ||    49
 Fire: Shortbow          ||    15
  Eat: Chunk             ||     3
Armor: Robe              ||    70
Dodge: Dodged            ||    91
